 Dungeon Crawl Stone Soup version 0.31-a0-489-g282fc92437 (webtiles) character file.

Game seed: 14314279809117960582

494 Ethylacetat the Trooper (level 7, -1/50 HPs)
             Began as an Octopode Brigand on Aug 8, 2023.
             Slain by a gnoll bouda
             ... wielding a +0 club
              (10 damage)
             ... on level 4 of the Dungeon.
             The game lasted 00:04:03 (2363 turns).

Ethylacetat the Trooper (Octopode Brigand)          Turns: 2363, Time: 00:04:05

Health: -1/50      AC:  1    Str: 10    XL:     7   Next: 15%
Magic:  7/7        EV: 15    Int: 13    God:
Gold:   149        SH:  0    Dex: 16    Spells: 6/6 levels left

rFire   . . .        a - +2 dagger
rCold   . . .        (no shield)
rNeg    . . .        (helmet restricted)
rPois   .            (no amulet)
rElec   .            k - ring of resist corrosion
rCorr   +            (no ring)
SInv    .            (no ring)
Will    .....        (no ring)
Stlth   ++++         (no ring)
HPRegen 0.28/turn    (no ring)
MPRegen 0.10/turn    (no ring)
                     (no ring)

%: no passive effects
@: no status effects
A: almost no armour, amphibious, 8 rings, camouflage 1, gelatinous body 1,
(nimble swimmer 1), tentacles
a: no special abilities


You were on level 4 of the Dungeon.
You visited 1 branch of the dungeon, and saw 4 of its levels.

You collected 149 gold pieces.

Inventory:

Hand Weapons
 a - a +2 dagger (weapon)
Missiles
 b - 12 poisoned darts (quivered)
 c - 3 curare-tipped darts
Jewellery
 k - a ring of resist corrosion (left tentacle)
Wands
 j - a wand of flame (7)
Scrolls
 d - 5 scrolls of identify {unknown}
 f - a scroll of poison {unknown}
 i - a scroll of enchant armour {unknown}
 m - a scroll of noise {unknown}
Potions
 e - 2 potions of curing {unknown}
 g - a potion of might {unknown}
 h - 2 potions of heal wounds {unknown}
 l - a potion of lignification {unknown}


   Skills:
 + Level 5.4 Fighting
 - Level 2.0 Short Blades
 - Level 2.0 Throwing
 + Level 5.1 Dodging
 - Level 5.3 Stealth


You had 6 spell levels left.
You didn't know any spells.
Your spell library contained the following spells:

 Spells                   Type           Power      Damage    Failure   Level
 Apportation              Tloc           0%         N/A       30%         1
 Sandblast                Erth           0%         2d4       30%         1
 Passwall                 Tmut/Erth      0%         N/A       43%         2
 Portal Projectile        Hex/Tloc       0%         N/A       67%         3
 Stone Arrow              Conj/Erth      0%         3d7       67%         3
 Tukima's Dance           Hex            0%         N/A       67%         3
 Iskenderun's Mystic Bla  Conj/Tloc      0%         2d3       97%         4
 Alistair's Intoxication  Tmut/Pois      0%         N/A       100%        5


Dungeon Overview and Level Annotations

Branches:
Dungeon (4/15)
 Temple: D:4-7

Altars:


Innate Abilities, Weirdness & Mutations

You cannot wear most types of armour.
You are amphibious.
You can wear up to eight rings at the same time.
Your skin changes colour to match your surroundings (Stealth+).
Your rubbery body absorbs attacks. (AC +1, EV +1)
((You are camouflaged when in or above water. (Stealth+)))
You have tentacles for arms and can constrict up to eight enemies at once.


Message History

You constrict the gnoll bouda, but do no damage.
The gnoll completely misses you. The orc closely misses you.
The gnoll bouda gazes fiercely through you!
You feel your attacks grow feeble. The gnoll bouda closely misses you.
You barely miss the orc. Your grab misses the orc. Your squeeze misses the orc.
You constrict the gnoll bouda, but do no damage.
The gnoll hits you from afar with a +0 spear.
The orc hits you with a +0 short sword.
The gnoll bouda hits you with a +0 club.
You hit the gnoll bouda. You squeeze the gnoll bouda.
The gnoll bouda is moderately wounded.
You constrict the gnoll bouda. The gnoll closely misses you.
The orc hits you but does no damage.
The gnoll bouda hits you with a +0 club.
Unknown command.
You hit the gnoll bouda but do no damage.
The gnoll bouda is heavily wounded.
You constrict the gnoll bouda.
The gnoll hits you from afar with a +0 spear!
Unknown command.
You hit the gnoll bouda but do no damage.
The gnoll bouda is heavily wounded.
You constrict the gnoll bouda.
The gnoll bouda mumbles some strange prayers to its god.
The gnoll bouda is healed somewhat.
The orc completely misses you.
The gnoll hits you from afar with a +0 spear.
* * * LOW HITPOINT WARNING * * *
You release your grip on the gnoll bouda.
The orc attacks as you move away! The orc hits you with a +0 short sword.
* * * LOW HITPOINT WARNING * * *
The gnoll bouda attacks as you move away!
The gnoll bouda misses you.
You hit the gnoll bouda. You grab the gnoll bouda.
You tentacle-slap the gnoll bouda.
The gnoll bouda is severely wounded.
Your attacks no longer feel as feeble.
You constrict the gnoll bouda, but do no damage.
The gnoll bouda hits you with a +0 club!
You die...

#. >.## ..
#.##...#.#
##.#...ogo#
##...o.o...#
#.#........#
#.#.#...#.#
#go##.## ##g# ##
#@# #.# #.# ..
####.##### ...
#........#....
#.##.#.......#
#....#)..#####
#..#.......#
#..#.##.##.#####


You could see a gnoll bouda, a gnoll (swift) and 2 orcs.

Vanquished Creatures
  Sigmund (D:2)
  A jelly (D:3)
  An orc priest (D:4)
  Natasha (thrice) (D:2)
  An orc wizard (D:4)
  Robin (D:2)
  4 gnolls
  5 adders
  A worm (D:2)
  5 orcs (D:4)
  2 bats (D:3)
  5 endoplasms
  4 giant cockroaches
  11 goblins
  11 hobgoblins
  2 jackals (D:3)
  2 quokkas
  7 ball pythons
  A frilled lizard (D:2)
  8 kobolds
  4 rats
80 creatures vanquished.

Notes
Turn   | Place    | Note
-------+----------+-------------------------------------------
     0 | D:1      | Ethylacetat the Octopode Brigand began the quest for the
                  | Orb.
     0 | D:1      | Reached XP level 1. HP: 14/14 MP: 1/1
   150 | D:1      | Reached XP level 2. HP: 20/20 MP: 2/2
   422 | D:1      | Reached XP level 3. HP: 25/25 MP: 3/3
   591 | D:2      | Noticed Natasha
   598 | D:2      | Killed Natasha
   599 | D:2      | Reached XP level 4. HP: 23/31 MP: 4/4
   704 | D:2      | Noticed Robin
   727 | D:2      | Killed Robin
   790 | D:2      | Noticed Natasha
   800 | D:2      | Killed Natasha
   865 | D:2      | Noticed Natasha
   875 | D:2      | Killed Natasha
   876 | D:2      | Reached XP level 5. HP: 15/37 MP: 5/5
  1139 | D:2      | Noticed Sigmund
  1149 | D:2      | Killed Sigmund
  1150 | D:2      | Reached XP level 6. HP: 38/45 MP: 6/6
  1617 | D:3      | Reached skill level 5 in Fighting
  2142 | D:4      | Reached XP level 7. HP: 30/50 MP: 7/7
  2165 | D:4      | Reached skill level 5 in Dodging
  2363 | D:4      | Slain by a gnoll bouda

Illustrated notes

Levels and vault maps discovered:
D:1:      dpeg_arrival_another_circle, layout_rooms
D:2:      layout_loops_cross, uniq_sigmund, uniq_robin, uniq_natasha
D:3:      layout_basic
D:4:      layout_loops_cross, mainiacjoe_overflow_paths

Skill      XL: |  1  2  3  4  5  6  7 |
---------------+----------------------+-----
Dodging        | 2 3 4 5 |  5.1
Fighting       | 3 4 5 |  5.4
Short Blades   | |  2.0
Throwing       | |  2.0
Stealth        | |  5.3

Action                     |  1- 3 |  4- 6 |  7- 9 || total
---------------------------+-------+-------+-------++-------
  Melee: Dagger            |    44 |   106 |    32 ||   182
         Constrict         |     9 |    21 |    11 ||    41
         Tentacles         |     8 |    22 |    11 ||    41
         Punch             |       |     3 |     2 ||     5
  Evoke: Wand              |       |     2 |       ||     2
   Stab: Sleeping          |     7 |    10 |     2 ||    19
 Armour: Skin              |     1 |     5 |     2 ||     8
  Dodge: Dodged            |    20 |    58 |    21 ||    99

Table legend: (Time is in decaauts)
 A = Elapsed time spent in this place.
 B = Non-inter-level travel time spent in this place.
 C = Inter-level travel time spent in this place.
 D = Time resting spent in this place.
 E = Time spent auto-exploring this place.
 F = Levels seen in this place.
 G = Mean time per level.
                   A        B        C        D        E       F      G
               +--------+--------+--------+--------+--------+-----+--------+
         Total |   2343 |   2261 |     82 |      0 |   1791 |   4 |  585.8 |
       Dungeon |   2343 |   2261 |     82 |      0 |   1791 |   4 |  585.8 |
               +--------+--------+--------+--------+--------+-----+--------+

Top non-repeatable levels by time:
     D:2: 821 daAuts
     D:3: 642 daAuts
     D:1: 558 daAuts
     D:4: 320 daAuts
